 Zot Defence DCSS version 0.15.0-34-g666c3a1 (webtiles) character file.

35 Kashira the Skirmisher (level 3, -7/51 HPs)
             Began as a Minotaur Berserker on Sept 15, 2014.
             Was a Follower of Trog.
             Mangled by Weeziqu the troll (9 damage)
             ... in the Realm of Zot (Scenario I: Hall of Zot).
             The game lasted 00:02:17 (350 turns).

Kashira the Skirmisher (Minotaur Berserker)          Turns: 350, Time: 00:02:17

HP  -7/51        AC  2     Str 26      XL: 3   Next: 16%
MP   2/2         EV 12     Int  4      God: Trog [*.....]
Gold 0           SH  0     Dex 10      Spells:  0 memorised,  2 levels left

rFire  . . .     SeeInvis .     a - +0 mace
rCold  . . .     Clarity  .     b - +0 animal skin
rNeg   . . .     rCorr    .     (no shield)
rPois  .         rRot     .     (helmet restricted)
rElec  .         Spirit   .     (no cloak)
SustAb .         Warding  .     (no gloves)
rMut   .         Stasis   .     (no boots)
Gourm  .                        (no amulet)
MR     .....                    (no ring)
                                (no ring)

@: berserking, very quick, not resistant to hostile enchantments, extremely
unstealthy
A: retaliatory headbutt, horns 2
a: Make oklob sapling, Make arrow trap, Burn Spellbooks, Berserk, Renounce
Religion


You were in the Realm of Zot.
You worshipped Trog.
Trog was aware of your devotion.
You were not hungry.

You visited 1 branch

Inventory:

Hand weapons
 a - a +0 mace (weapon)
Armour
 b - a +0 animal skin (worn)
Comestibles
 d - a bread ration
Scrolls
 i - a scroll of blinking
Potions
 c - 3 potions of curing
 e - a potion of heal wounds
 f - a potion of haste
 g - 2 potions of magic
 h - a potion of berserk rage


   Skills:
 + Level 4.3 Fighting
 + Level 4.2 Maces & Flails
 + Level 2.9 Armour
 + Level 2.2 Dodging


You had 2 spell levels left.
You didn't know any spells.

Dungeon Overview and Level Annotations

Branches:
    Zot (1/1)

Altars:


Innate Abilities, Weirdness & Mutations

You reflexively headbutt those who attack you in melee.
You have a pair of horns on your head.


Message History

Weeziqu is moderately wounded.
Your oklob sapling spits acid at Weeziqu.
The splash of acid hits Weeziqu.
Weeziqu writhes in agony as its flesh is eaten away!
Weeziqu bites you! Weeziqu claws you. Weeziqu misses you.
Use which ability? (? or * to list)
A red film seems to cover your vision as you go berserk!
You feel yourself moving faster!
You feel mighty! Weeziqu bites you!
* * * LOW HITPOINT WARNING * * *
Weeziqu barely misses you. Weeziqu claws you!
* * * LOW HITPOINT WARNING * * *
You hit Weeziqu. You headbutt Weeziqu!
Weeziqu is severely wounded.
Your oklob sapling spits acid at Weeziqu.
The splash of acid hits Weeziqu.
Unknown command.
You sock Weeziqu! Your headbutt misses Weeziqu.
Weeziqu is almost dead.
Weeziqu bites you!
You die...

▓▓▓▓▓▓▓▓ ▓▓▓▓▓▓▓▓ ....▓▓▓▓
▓▓▓▓.... .......▓▓▓ ▓▓▓.......
.........▓▓ ▓▓.........
..........▓ ▓▓▓▓▓▓▓▓▓ ▓..........
..........▓▓▓.......▓▓▓..........
..........▓▓..P......▓▓..........
..........▓......)....▓..........
...........).%.T@)....^..........
..........▓......%....▓..........
..........▓▓.........▓▓..........
..........▓▓▓.......▓▓▓..........
..........# ▓▓▓▓▓▓▓▓▓ #..........
.........## ##.........
.......### ###....... ....####
####.... ######### #########


You could see Weeziqu the troll (bleeding) and a friendly oklob sapling.

Vanquished Creatures
  An ooze (Zot)
  A giant cockroach (Zot)
  5 goblins (Zot)
  4 bats (Zot)
  2 rats (Zot)
13 creatures vanquished.

Vanquished Creatures (collateral kills)
  A goblin (Zot)
  A kobold (Zot)
  2 rats (Zot)
4 creatures vanquished.

Vanquished Creatures (others)
  A kobold (Zot)
1 creature vanquished.

Grand Total: 18 creatures vanquished

Notes
Turn   | Place    | Note
--------------------------------------------------------------
     0 | Zot      | Kashira, the Minotaur Berserker, began the quest for the Orb.
     0 | Zot      | Reached XP level 1. HP: 19/19 MP: 1/1
   229 | Zot      | Reached XP level 2. HP: 24/27 MP: 1/1
   230 | Zot      | Reached skill level 4 in Fighting
   304 | Zot      | Reached XP level 3. HP: 26/33 MP: 2/2
   340 | Zot      | Noticed Weeziqu
   348 | Zot      | HP: 2/51 [Weeziqu the troll (8)]
   350 | Zot      | Mangled by Weeziqu the troll

Action                   || total
-------------------------++-------
Melee: Mace              ||    22
Invok: Berserk           ||     2
 Abil: Make oklob saplin ||     1
       Make arrow trap   ||     1
